 Dungeon Crawl Stone Soup version 0.17-a0-1989-gfb2cd5c (webtiles) character file.

23 Ordine the Skirmisher (level 3, -7/26 HPs)
             Began as an Octopode Fighter on Oct 7, 2015.
             Mangled by Sigmund
             ... wielding a +1 scythe of venom
              (9 damage)
             ... on level 2 of the Dungeon.
             The game lasted 00:03:00 (617 turns).

Ordine the Skirmisher (Octopode Fighter)             Turns: 617, Time: 00:03:01

Health: -7/26      AC:  1    Str: 15    XL:     3   Next: 0%
Magic:  3/3        EV: 16    Int: 10    God:
Gold:   73         SH:  0    Dex: 17    Spells: 0 memorised, 2 levels left

rFire  . . .     SeeInvis .     a - +0 long sword
rCold  . . .     Clarity  .     b - +0 shield
rNeg   . . .     SustAt   .     (helmet restricted)
rPois  .         Gourm    .     e - amulet of regeneration
rElec  .         Spirit   .     (no ring)
rCorr  .         Warding  .     (no ring)
rMut   .         Stasis   .     (no ring)
MR     .....                    (no ring)
Stlth  +++.......               (no ring)
                                (no ring)
                                (no ring)
                                (no ring)

@: confused, agile, lethally poisoned (-7 -> -11), hasted, very quick, not
resistant to hostile enchantments, fairly stealthy
A: almost no armour, amphibious, 8 rings, constrict 8, camouflage 1, gelatinous
body 1
a: no special abilities


You were on level 2 of the Dungeon.
You were not hungry.

You visited 1 branch of the dungeon, and saw 2 of its levels.

You collected 73 gold pieces.

Inventory:

Hand Weapons
 a - a +0 long sword (weapon)
Missiles
 g - 31 stones (quivered)
Armour
 b - a +0 shield (worn)
Jewellery
 e - an amulet of regeneration (around mantle)
Scrolls
 i - a scroll of teleportation {unknown}
 k - a scroll of identify {unknown}
Potions
 c - a potion of might
 f - a potion of invisibility {unknown}
 h - a potion of cure mutation {unknown}
 j - a potion of magic {unknown}
Comestibles
 d - a bread ration
 l - 2 chunks of flesh


   Skills:
 + Level 3.5 Fighting
 + Level 2.7 Long Blades
 - Level 3.0 Dodging
 - Level 3.0 Shields


You had 2 spell levels left.
You didn't know any spells.

Dungeon Overview and Level Annotations

Branches:
Dungeon (2/15)

Altars:
Makhleb

Annotations:
D:2 Sigmund


Innate Abilities, Weirdness & Mutations

You cannot wear most types of armour.
You are amphibious.
You can wear up to eight rings at the same time.
You can use your tentacles to constrict eight enemies at once.
Your skin changes colour to match your surroundings (Stealth).
Your rubbery body absorbs attacks (AC +1).


Message History

Something hits you!
Ouch! That really hurt!
You are poisoned.
You feel sick.
You feel sick.
A magic dart appears from out of thin air!
The magic dart hits you!
* * * LOW HITPOINT WARNING * * *
Drink which item? (? for menu, Esc to quit)
Okay, then.
Drink which item? (? for menu, Esc to quit)
It was a potion of agility.
You feel agile all of a sudden.
* * * LOW HITPOINT WARNING * * *
You feel sick.
Drink which item? (? for menu, Esc to quit)
It was a potion of haste.
You feel yourself speed up.
* * * LOW HITPOINT WARNING * * *
You feel sick. Something hits you!
You die...

###### .....# #.#
####.### #.# .......#
#.# ####.#.#######.##
...........##...########
##.#.#.###.#...........#
##.#.#.###.##...#.._...#
.....#.##.......@......#
.......###[###.#####...#
##.###.# ### #.# ##รท.#
#.# #.# ##.######..# ..#
#.# #.......)..#######
..# #.....####.#......#
### #...... ##.#.###.#
....... ##......#
....... ......###


There were no monsters in sight!

Vanquished Creatures
  2 giant cockroaches (D:1)
  5 hobgoblins
  4 bats
  A giant newt (D:1)
  2 goblins (D:1)
  6 kobolds (D:1)
  4 rats
24 creatures vanquished.

Notes
Turn   | Place    | Note
--------------------------------------------------------------
     0 | D:1      | Ordine the Octopode Fighter began the quest for the Orb.
     0 | D:1      | Reached XP level 1. HP: 16/16 MP: 1/1
   100 | D:1      | Reached XP level 2. HP: 21/21 MP: 2/2
   569 | D:2      | Found a burning altar of Makhleb.
   581 | D:2      | Reached XP level 3. HP: 16/26 MP: 3/3
   597 | D:2      | Noticed Sigmund
   617 | D:2      | Mangled by Sigmund

Vault maps used:
D:1:      eino_arrival_water_cross
D:2:      nicolae_ru_great_annihilating_truth, ecumenical_altar_1,
          bloody_makhleb, uniq_sigmund

Action                   || total
-------------------------++-------
Melee: Long sword        ||    35
  Use: Potion            ||     2
 Stab: Sleeping          ||     5
